 Dungeon Crawl Stone Soup version 0.21-a0-498-g1b60429 (webtiles) character file.

35 Megalobster the Sneak (level 3, -5/16 HPs)
             Began as a Spriggan Enchanter on Nov 24, 2017.
             Slain by a gnoll sergeant
             ... wielding a +0 spear
              (12 damage)
             ... on level 2 of the Dungeon.
             The game lasted 00:02:05 (1173 turns).

Megalobster the Sneak (Spriggan Enchanter)          Turns: 1173, Time: 00:02:06

Health: -5/16      AC:  2    Str:  5    XL:     3   Next: 16%
Magic:  4/8        EV: 18    Int: 16    God:
Gold:   44         SH:  0    Dex: 16    Spells: 2/8 levels left

rFire    . . .     SeeInvis +   a - +1 dagger
rCold    . . .     Gourm    .   (shield restricted)
rNeg     . . .     Faith    .   b - +0 robe
rPois    .         Spirit   .   (helmet restricted)
rElec    .         Reflect  .   (no cloak)
rCorr    .         Harm     .   (gloves unavailable)
MR       .....                  (boots unavailable)
Stlth    +++.......             (no amulet)
HPRegen  0.05/turn              (no ring)
MPRegen  0.11/turn              (no ring)

@: very quick
A: very small, unfitting armour, see invisible, herbivore 3, speed 3, slow
metabolism 2
a: no special abilities


You were on level 2 of the Dungeon.
You were not hungry.

You visited 1 branch of the dungeon, and saw 2 of its levels.

You collected 44 gold pieces.

Inventory:

Hand Weapons
 a - a +1 dagger (weapon)
Armour
 b - a +0 robe (worn)
Scrolls
 h - a scroll of remove curse {unknown}
Potions
 e - a potion of curing {unknown}
 f - a potion of brilliance {unknown}
 g - a potion of berserk rage {unknown}
 i - 2 potions of ambrosia {unknown}
Books
 c - a book of Maledictions

   Spells                             Type                      Level
   a - Corona                         Hexes                        1
   b - Ensorcelled Hibernation        Hexes/Ice                    2
   c - Confuse                        Hexes                        3
   d - Tukima's Dance                 Hexes                        3
   e - Dazzling Spray                 Conjuration/Hexes            3
Comestibles
 d - a bread ration


   Skills:
 + Level 1.4 Short Blades
 + Level 3.2 Dodging
 * Level 5.3 Stealth
 + Level 3.1 Spellcasting
 * Level 4.1 Hexes


You had 2 spell levels left.
You knew the following spells:

 Your Spells              Type           Power        Failure   Level  Hunger
a - Corona                Hex            ###....      3%          1    #......
b - Ensorcelled Hibernat  Hex/Ice        #.....       12%         2    ##.....
c - Confuse               Hex            ###.....     10%         3    ###....


Dungeon Overview and Level Annotations

Branches:
Dungeon (2/15)

Altars:


Innate Abilities, Weirdness & Mutations

You are very small and have problems with some larger weapons.
You are too small for most types of armour.
You have supernaturally acute eyesight. (SInv)
You are a herbivore.
You cover ground extremely quickly.
You need consume almost no food.


Message History

Casting: Ensorcelled Hibernation
Confirm with . or Enter, or press ? or * to list all spells.
Aiming: Ensorcelled Hibernation
Press: ? - help, Shift-Dir - straight line, f - dart slug
Aim: a dart slug (clinging, chance to defeat MR: 58%)
The dart slug resists with significant effort.
The dart slug completely misses you.
Casting: Ensorcelled Hibernation
Confirm with . or Enter, or press ? or * to list all spells.
Aiming: Ensorcelled Hibernation
Press: ? - help, Shift-Dir - straight line, f/p - dart slug
Aim: a dart slug (clinging, chance to defeat MR: 58%)
The dart slug looks drowsy...
The gnoll sergeant hits you from afar with a spear!
The helpless dart slug fails to defend itself.
You impale the dart slug!!
You kill the dart slug!
The gnoll sergeant hits you from afar with a spear!
Ouch! That really hurt!
You die...

#...........#
#...........#
#...........# #.
#...........#
.##.####..†........#
..g....#...........#
#....w.#...........#
#......#...........#
#....!.##@##########
#......##†# #..g.#
#.#### #. #. #w #.
#.


You could see a gnoll sergeant.

Vanquished Creatures
  4 dart slugs
  3 bats
  A giant cockroach (D:1)
  5 goblins (D:1)
  6 hobgoblins
  2 frilled lizards (D:1)
  A kobold (D:1)
  2 rats (D:1)
24 creatures vanquished.

Notes
Turn   | Place    | Note
-------+----------+-------------------------------------------
     0 | D:1      | Megalobster the Spriggan Enchanter began the quest for the Orb.
     0 | D:1      | Reached XP level 1. HP: 9/9 MP: 5/5
   323 | D:1      | Reached XP level 2. HP: 13/13 MP: 6/6
   328 | D:1      | Learned a level 2 spell: Ensorcelled Hibernation
   652 | D:1      | Reached skill level 5 in Stealth
   811 | D:1      | Reached XP level 3. HP: 15/16 MP: 8/8
   816 | D:1      | Learned a level 3 spell: Confuse
  1128 | D:2      | Noticed a gnoll sergeant
  1173 | D:2      | Slain by a gnoll sergeant

Vault maps used:
D:1:      dpeg_arrival_rooms_b
D:2:      nicolae_overflow_crystal_walls, chequers_ecumenical_altar_grove,
          minivault_23

Skill      XL: |  1  2 |
---------------+-------+-----
Spellcasting   | 3 |  3.1
Hexes          | 4 |  4.1
Stealth        | 5 |  5.3
Short Blades   | |  1.4
Dodging        | |  3.2

Action                   || total
-------------------------++-------
Melee: Dagger            ||    81
 Cast: Ensorcelled Hiber ||     3
 Stab: Sleeping          ||    11
Armor: Robe              ||    13
Dodge: Dodged            ||    62

Table legend:
 A = Spawn XP
 B = Non-spawn XP
 C = Spawn XP percentage of total XP
 D = Spawn monster count
 E = Non-spawn monster count
 F = Spawn count percentage of total count
 G = Total turns spent on level
                    A         B        C        D         E        F      G
               +---------+---------+-------+---------+---------+-------+---------
         Total |       0 |      50 |   0.0 |       0 |      24 |   0.0 |  1173
               +---------+---------+-------+---------+---------+-------+---------
           D:1 |       0 |      41 |   0.0 |       0 |      20 |   0.0 |  1093
           D:2 |       0 |       9 |   0.0 |       0 |       4 |   0.0 |    80
               +---------+---------+-------+---------+---------+-------+---------
